 Dungeon Crawl Stone Soup version 0.27.0-1-g7a089689b8 (webtiles) character file.

Game seed: 13193826834608189273

257 wakim the Charlatan (level 6, -1/47 HPs)
             Began as a Gnoll Artificer on Aug 12, 2021.
             Slain by a scorpion (7 damage)
             ... on level 3 of the Dungeon.
             The game lasted 00:08:04 (3943 turns).

wakim the Charlatan (Gnoll Artificer)               Turns: 3943, Time: 00:08:05

Health: -1/47      AC:  4    Str: 13    XL:     6   Next: 16%
Magic:  8/8        EV: 12    Int: 11    God:
Gold:   138        SH:  0    Dex: 12    Spells: 8/8 levels left

rFire    . . .     SeeInvis .   a - +1 dagger
rCold    . . .     Faith    .   (no shield)
rNeg     . . .     Spirit   .   b - +0 leather armour
rPois    .         Reflect  .   (no helmet)
rElec    .         Harm     .   (no cloak)
rCorr    +         Rampage  .   (no gloves)
Will     .....                  c - +0 pair of boots
Stlth    ++........             m - amulet of regeneration
HPRegen  1.15/turn              h - ring of resist corrosion
MPRegen  0.11/turn              (no ring)

@: lethally poisoned (-1 -> -6)
A: fangs 1, strong nose, distributed training
a: no special abilities


You were on level 3 of the Dungeon.
You visited 1 branch of the dungeon, and saw 4 of its levels.

You collected 138 gold pieces.

Inventory:

Hand Weapons
 a - a +1 dagger (weapon)
Missiles
 l - 32 poisoned darts
Armour
 b - a +0 leather armour (worn)
 c - a +0 pair of boots (worn)
Jewellery
 h - a ring of resist corrosion (left hand)
 m - an amulet of regeneration (around neck)
Wands
 v - a wand of flame (5) (quivered)
 x - a wand of charming (11)
Scrolls
 f - a scroll of holy word {unknown}
Potions
 d - a potion of haste {unknown}
 k - a potion of brilliance {unknown}
 o - a potion of ambrosia {unknown}
 C - a potion of berserk rage {!q}
 E - 3 potions of cancellation
 F - a potion of curing
Miscellaneous
 e - a piece from Xom's chessboard (14/15)


   Skills:
 + Level 3.1 Fighting
 + Level 1.8 Short Blades
 + Level 1.8 Long Blades
 + Level 1.8 Axes
 + Level 1.8 Maces & Flails
 + Level 1.8 Polearms
 + Level 1.8 Staves
 + Level 1.8 Slings
 + Level 1.8 Bows
 + Level 1.8 Crossbows
 + Level 1.8 Throwing
 + Level 4.9 Armour
 + Level 3.1 Dodging
 + Level 3.0 Stealth
 + Level 1.8 Shields
 + Level 1.8 Unarmed Combat
 + Level 1.8 Spellcasting
 + Level 1.4 Conjurations
 + Level 1.4 Hexes
 + Level 1.4 Summonings
 + Level 1.4 Necromancy
 + Level 1.4 Translocations
 + Level 1.4 Transmutations
 + Level 1.4 Fire Magic
 + Level 1.4 Ice Magic
 + Level 1.4 Air Magic
 + Level 1.4 Earth Magic
 + Level 1.4 Poison Magic
 + Level 2.0 Invocations
 + Level 6.8 Evocations


You had 8 spell levels left.
You didn't know any spells.
Your spell library was empty.

Dungeon Overview and Level Annotations

Branches:
Dungeon (4/15)
 Temple: D:4-7

Altars:

Annotations:
D:4 1 runed translucent door


Innate Abilities, Weirdness & Mutations

You have very sharp teeth.
Your uncanny sense of smell can sniff out nearby items.
Your experience applies equally to all skills.


Message History

Aim: a scorpion (heavily wounded, 74% to hit)
The puff of flame misses the scorpion.
The scorpion stings you.
* * * LOW HITPOINT WARNING * * *
Aiming: Throw Flame
Press: ? - help, Shift-Dir - straight line, f/p - scorpion
Aim: a scorpion (heavily wounded, 74% to hit)
The puff of flame hits the scorpion.
The scorpion is severely wounded.
The scorpion stings you but does no damage.
The scorpion closely misses you.
Aiming: Throw Flame
Press: ? - help, Shift-Dir - straight line, f/p - scorpion
Aim: a scorpion (severely wounded, 74% to hit)
The puff of flame misses the scorpion.
The scorpion completely misses you.
You closely miss the scorpion.
The scorpion is severely wounded.
The scorpion misses you.
You hit the scorpion but do no damage.
The scorpion is severely wounded.
The scorpion stings you.
* * * LOW HITPOINT WARNING * * *
You are poisoned.
The scorpion poisons you!
Aiming: Throw Flame
Press: ? - help, Shift-Dir - straight line, f/p - scorpion
Aim: a scorpion (severely wounded, 74% to hit)
The puff of flame misses the scorpion.
You feel very sick. The scorpion stings you!
* * * LOW HITPOINT WARNING * * *
You are more poisoned.
The scorpion poisons you!
Aiming: Throw Flame
Press: ? - help, Shift-Dir - straight line, f/p - scorpion
Aim: a scorpion (severely wounded, 74% to hit)
The puff of flame misses the scorpion.
* * * LOW HITPOINT WARNING * * *
You feel very sick. The scorpion stings you!
You die...

##....########.##
#....##........#
#....##........#
##....##........##
......##.........#
......##.......#.#
......##.......#.#
......##.......#.#############
......'........s@...........>#
......###########.####..######
....### #.# #..#
#################.# #..#
######.##.....)##.####..#
....#.#.#...÷P.##.......#
....#.#.#......##.####.##
....#'#.#..PP.P##.####.#
[.....#.#÷.....##....#.#


You could see a scorpion.

Vanquished Creatures
  A necrophage (D:4)
  A jelly (D:3)
  4 gnolls (D:4)
  An ufetubus (D:4)
  An adder skeleton (D:3)
  3 ball pythons
  13 endoplasms
  2 giant cockroaches
  6 goblins
  5 hobgoblins
  2 jackals (D:2)
  9 kobolds
  3 quokkas
  4 bats
  5 frilled lizards
  10 rats
70 creatures vanquished.

Vanquished Creatures (collateral kills)
  2 endoplasms (D:2)
2 creatures vanquished.

Vanquished Creatures (others)
  A gnoll shaman (D:4)
  A jackal (D:2)
  A kobold (D:3)
  2 fungi (D:3)
  8 toadstools (D:3)
13 creatures vanquished.

Grand Total: 85 creatures vanquished

Notes
Turn   | Place    | Note
-------+----------+-------------------------------------------
     0 | D:1      | wakim the Gnoll Artificer began the quest for the Orb.
     0 | D:1      | Reached XP level 1. HP: 17/17 MP: 1/1
   636 | D:1      | Reached XP level 2. HP: 23/23 MP: 2/2
  1067 | D:2      | You fall into a shaft and drop 1 floor!
  1452 | D:2      | Reached XP level 3. HP: 23/28 MP: 3/3
  1894 | D:2      | You fall into a shaft and drop 2 floors!
  1906 | D:4      | Found a runed translucent door.
  1912 | D:4      | Noticed a scorpion
  1912 | D:4      | Noticed a phantom
  1913 | D:4      | Noticed a necrophage
  1980 | D:3      | Reached skill level 1 in Invocations
  2752 | D:2      | Found a faded altar of an unknown god.
  2868 | D:2      | Reached skill level 1 in Short Blades
  2868 | D:2      | Reached skill level 1 in Long Blades
  2868 | D:2      | Reached skill level 1 in Axes
  2868 | D:2      | Reached skill level 1 in Maces & Flails
  2868 | D:2      | Reached skill level 1 in Polearms
  2868 | D:2      | Reached skill level 1 in Staves
  2868 | D:2      | Reached skill level 1 in Slings
  2868 | D:2      | Reached skill level 1 in Bows
  2868 | D:2      | Reached skill level 1 in Crossbows
  2868 | D:2      | Reached skill level 1 in Throwing
  2868 | D:2      | Reached skill level 1 in Shields
  2868 | D:2      | Reached skill level 1 in Unarmed Combat
  2868 | D:2      | Reached skill level 1 in Spellcasting
  3218 | D:3      | Reached XP level 4. HP: 34/34 MP: 5/5
  3555 | D:3      | Reached skill level 1 in Conjurations
  3555 | D:3      | Reached skill level 1 in Hexes
  3555 | D:3      | Reached skill level 1 in Summonings
  3555 | D:3      | Reached skill level 1 in Necromancy
  3555 | D:3      | Reached skill level 1 in Translocations
  3555 | D:3      | Reached skill level 1 in Transmutations
  3555 | D:3      | Reached skill level 1 in Fire Magic
  3555 | D:3      | Reached skill level 1 in Ice Magic
  3555 | D:3      | Reached skill level 1 in Air Magic
  3555 | D:3      | Reached skill level 1 in Earth Magic
  3555 | D:3      | Reached skill level 1 in Poison Magic
  3763 | D:4      | Killed a necrophage
  3764 | D:4      | Reached XP level 5. HP: 32/41 MP: 5/7
  3868 | D:4      | Reached XP level 6. HP: 32/47 MP: 8/8
  3943 | D:3      | Slain by a scorpion

Illustrated notes

Levels and vault maps discovered:
D:1:      saegor_arrival_simple_a, layout_basic
D:2:      layout_loops_ring, hellmonk_ecumenical_altar_zigzags, minmay_3d_cube
D:3:      cheibrodos_fertilizer, layout_basic
D:4:      layout_basic, minitemple, ebering_ghost_sewer_f, item_on_display_a

Skill      XL: |  1  2  3  4  5  6 |
---------------+-------------------+-----
Invocations    | 1 2 |  2.0
Short Blades   | 1 |  1.8
Long Blades    | 1 |  1.8
Axes           | 1 |  1.8
Maces & Flails | 1 |  1.8
Polearms       | 1 |  1.8
Staves         | 1 |  1.8
Slings         | 1 |  1.8
Bows           | 1 |  1.8
Crossbows      | 1 |  1.8
Throwing       | 1 |  1.8
Shields        | 1 |  1.8
Unarmed Combat | 1 |  1.8
Spellcasting   | 1 |  1.8
Conjurations   | 1 |  1.4
Hexes          | 1 |  1.4
Summonings     | 1 |  1.4
Necromancy     | 1 |  1.4
Translocations | 1 |  1.4
Transmutations | 1 |  1.4
Fire Magic     | 1 |  1.4
Ice Magic      | 1 |  1.4
Air Magic      | 1 |  1.4
Earth Magic    | 1 |  1.4
Poison Magic   | 1 |  1.4
Fighting       | 3 |  3.1
Dodging        | 3 |  3.1
Stealth        | 3 |  3.0
Armour         | |  4.9
Evocations     | |  6.8

Action                   |  1- 3 |  4- 6 || total
-------------------------+-------+-------++-------
Melee: Dagger            |   196 |   113 ||   309
       Bite              |    15 |    13 ||    28
       Punch             |     1 |       ||     1
Evoke: Piece from Xom's  |     3 |     2 ||     5
       Wand              |     3 |    11 ||    14
  Use: Scroll            |     6 |       ||     6
 Stab: Sleeping          |     7 |     3 ||    10
Armor: Leather armour    |    51 |    18 ||    69
Dodge: Dodged            |   109 |    66 ||   175
